 Dungeon Crawl Stone Soup version 0.19-a0-1891-ge1d1fe8 (webtiles) character file.

137 Naow the Shield-Bearer (level 5, -6/42 HPs)
             Began as a Formicid Fighter on Oct 18, 2016.
             Mangled by Crazy Yiuf
             ... wielding a +4 quarterstaff of chaos
              (8 damage)
             ... on level 2 of the Dungeon.
             The game lasted 00:03:22 (1625 turns).

Naow the Shield-Bearer (Formicid Fighter)           Turns: 1625, Time: 00:03:22

Health: -6/42      AC:  8    Str: 28    XL:     5   Next: 44%
Magic:  3/5        EV:  8    Int:  8    God:
Gold:   24         SH: 10    Dex: 10    Spells: 0 memorised, 4 levels left

rFire  . . .     SeeInvis +     a - +0 war axe
rCold  . . .     Gourm    .     b - +0 scale mail
rNeg   . . .     Faith    .     c - +0 shield
rPois  .         Spirit   .     (helmet unavailable)
rElec  .         Reflect  .     (no cloak)
rCorr  .         Harm     .     (no gloves)
MR     .....                    j - +0 pair of boots
Stlth  ..........               (no amulet)
                                (no ring)
                                e - +2 ring of strength (curse)

@: mighty, very slightly contaminated, invisible
A: permanent stasis, dig shafts and tunnels, four strong arms, antennae 3
a: Dig, Shaft Self


You were on level 2 of the Dungeon.
You were not hungry.

You visited 1 branch of the dungeon, and saw 2 of its levels.

You collected 24 gold pieces.

Inventory:

Hand Weapons
 a - a +0 war axe (weapon)
Armour
 b - a +0 scale mail (worn)
 c - a +0 shield (worn)
 j - a +0 pair of boots (worn)
Jewellery
 e - a cursed +2 ring of strength (left hand)
Scrolls
 i - a scroll of magic mapping {unknown}
 k - 3 scrolls of identify {unknown}
 l - 2 scrolls of fog {unknown}
 m - a scroll of noise {unknown}
 n - 4 scrolls of remove curse {unknown}
Potions
 o - a potion of curing {unknown}
Comestibles
 f - 2 bread rations
 g - a chunk of flesh
 h - 2 meat rations


   Skills:
 + Level 4.2 Fighting
 * Level 3.4 Axes
 + Level 4.1 Armour
 + Level 4.2 Shields


You had 4 spell levels left.
You didn't know any spells.

Dungeon Overview and Level Annotations

Branches:
Dungeon (2/15)

Altars:

Annotations:
D:2 Crazy Yiuf


Innate Abilities, Weirdness & Mutations

You are under a permanent stasis effect.
You can dig through walls and to a lower floor.
Your four strong arms can wield two-handed weapons with a shield.
You have a pair of large antennae on your head. (SInv)


Message History

You hit Crazy Yiuf but do no damage. You hit the dart slug but do no damage.
Crazy Yiuf hits you with a quarterstaff of chaos!
* * * LOW HITPOINT WARNING * * *
Crazy Yiuf burns you.
* * * LOW HITPOINT WARNING * * *
The dart slug bites you but does no damage.
Unknown command.
Your shield and scale mail prevent you from hitting Crazy Yiuf.
You hit the dart slug but do no damage.
Crazy Yiuf yells, "Tosser!
Two rumpyflump blue."
Crazy Yiuf hits you with a quarterstaff of chaos!
* * * LOW HITPOINT WARNING * * *
You fade into invisibility!
You are very lightly contaminated with residual magic.
You block the dart slug's attack.
Unknown command.
Okay, then.
You feel very mighty all of a sudden.
Crazy Yiuf hits you with a quarterstaff of chaos!
You die...

# #.# #.# # #.# #.# #
#.# #.# # #.##### #
#....# #.####
#.####### ####
#.....#P## ###..)#
####.#....PP####@gw..#
.....##....#.#..##...#
########.#..#.### ####
# ######## # # # #


You could see Crazy Yiuf and a dart slug.

Vanquished Creatures
  Jessica (D:2)
  Ijyb (D:2)
  5 adders (D:2)
  An ooze (D:1)
  A dart slug (D:1)
  A leopard gecko (D:1)
  A ball python (D:2)
  5 bats
  5 giant cockroaches
  6 goblins
  3 jackals (D:1)
  A frilled lizard (D:1)
  4 kobolds
  A rat (D:2)
  2 fungi (D:2)
38 creatures vanquished.

Notes
Turn   | Place    | Note
-------+----------+-------------------------------------------
     0 | D:1      | Naow the Formicid Fighter began the quest for the Orb.
     0 | D:1      | Reached XP level 1. HP: 18/18 MP: 1/1
    49 | D:1      | Reached XP level 2. HP: 21/24 MP: 2/2
   322 | D:1      | Reached XP level 3. HP: 27/29 MP: 3/3
   684 | D:2      | Reached XP level 4. HP: 19/37 MP: 4/4
   888 | D:2      | Noticed Ijyb
  1002 | D:2      | Killed Ijyb
  1175 | D:2      | Reached XP level 5. HP: 22/42 MP: 5/5
  1321 | D:2      | Noticed Jessica
  1327 | D:2      | Killed Jessica
  1614 | D:2      | Found a runed door.
  1618 | D:2      | Noticed Crazy Yiuf
  1623 | D:2      | HP: 2/42 [Crazy Yiuf/quarterstaff of chaos (7)]
  1625 | D:2      | Mangled by Crazy Yiuf

Vault maps used:
D:1:      dpeg_arrival_rooms_a, minivault_25
D:2:      first_bread, corexii_item_surrounded_by_moat, uniq_iyjb, uniq_jessica,
          uniq_crazy_yiuf_cottage

Skill      XL: |  1  2  3  4 |
---------------+-------------+-----
Armour         | 4 |  4.1
Shields        | 4 |  4.2
Fighting       | 4 |  4.2
Axes           | 3 |  3.4

Action                   |  1- 3 |  4- 6 || total
-------------------------+-------+-------++-------
Melee: War axe           |    95 |    80 ||   175
  Use: Potion            |       |     3 ||     3
  Eat: Chunk             |       |     3 ||     3
Armor: Scale mail        |    63 |    46 ||   109
Dodge: Dodged            |    37 |    28 ||    65
Block: Shield            |    62 |    20 ||    82
